 Dungeon Crawl Stone Soup version 0.26-a0-812-g31a745ddcd (webtiles) character file.

Game seed: 7659059674392023709

3278 robertstho the Carver (level 9, 0/68 HPs)
             Began as a Demonspawn Gladiator on Nov 12, 2020.
             Was a Believer of Qazlal.
             Succumbed to a killer bee's poison
             ... on level 11 of the Dungeon on Nov 13, 2020.
             The game lasted 00:15:12 (11255 turns).

robertstho the Carver (Demonspawn Gladiator)       Turns: 11255, Time: 00:15:12

Health: 0/68       AC: 13    Str: 17    XL:     9   Next: 69%
Magic:  3/14       EV:  7    Int: 11    God:    Qazlal [**....]
Gold:   412        SH:  2    Dex: 14    Spells: 8/8 levels left

rFire    + . .     SeeInvis .   a - +0 long sword
rCold    x . .     Faith    .   (no shield)
rNeg     . . .     Spirit   .   G - +0 plate armour
rPois    .         Reflect  .   (helmet restricted)
rElec    .         Harm     .   (no cloak)
rCorr    .         Rampage  .   (no gloves)
MR       .....                  C - +0 pair of boots
Stlth    ..........             (no amulet)
HPRegen  0.21/turn              p - ring of fire
MPRegen  0.14/turn              (no ring)

@: lethally poisoned (0 -> -12), hasted, very quick
A: horns 1, demonic guardian 1
a: Upheaval, Renounce Religion


You were on level 11 of the Dungeon.
You worshipped Qazlal.
Qazlal was pleased with you.
You visited 1 branch of the dungeon, and saw 9 of its levels.
You also visited: Ossuary.

You collected 412 gold pieces.

Inventory:

Hand Weapons
 a - a +0 long sword (weapon)
Missiles
 d - 3 throwing nets (quivered)
 m - 5 silver javelins
Armour
 c - a +0 helmet
 e - a +0 scale mail
 C - a +0 pair of boots (worn)
 G - a +0 plate armour (worn)
Jewellery
 p - a ring of fire (left hand)
 x - an uncursed ring of magical power {unknown}
 y - an uncursed amulet of reflection {unknown}
 D - an uncursed ring of protection from magic {unknown}
Wands
 t - a wand of iceblast (7)
 F - a wand of paralysis (4)
Scrolls
 f - 3 scrolls of enchant weapon {unknown}
 g - 3 scrolls of enchant armour {unknown}
 h - 5 scrolls of teleportation {unknown}
 i - 5 scrolls of remove curse {unknown}
 j - 4 scrolls of amnesia {unknown}
 k - a scroll of fog {unknown}
 r - 7 scrolls of identify
 u - a scroll of summoning {unknown}
 v - 2 scrolls of fear {unknown}
 A - a scroll of immolation {unknown}
Potions
 b - a potion of flight {unknown}
 l - 3 potions of brilliance
 n - 3 potions of might
 o - 2 potions of mutation {unknown}
 s - a potion of cancellation
 w - a potion of lignification {unknown}
 z - a potion of berserk rage {unknown}
 B - a potion of ambrosia {unknown}
 E - a potion of haste


   Skills:
 + Level 5.0 Fighting
 + Level 8.3 Long Blades
 + Level 1.9 Throwing
 + Level 5.8 Armour
 + Level 4.5 Dodging
 - Level 0.2 Stealth
 * Level 7.4 Invocations
 + Level 0.6 Evocations


You had 8 spell levels left.
You didn't know any spells.
Your spell library contained the following spells:

 Spells                   Type           Power        Failure   Level
 Freeze                   Ice            #...         100%        1
 Magic Dart               Conj           #...         100%        1
 Sandblast                Erth           #.....       100%        1
 Blink                    Tloc           N/A          100%        2
 Call Imp                 Summ           #.......     100%        2
 Passwall                 Tmut/Erth      #.......     100%        2
 Slow                     Hex            #.......     100%        2
 Conjure Flame            Conj/Fire      #.......     100%        3
 Frozen Ramparts          Ice            #.....       100%        3
 Mephitic Cloud           Conj/Pois/Air  #.......     100%        3
 Ozocubu's Armour         Ice            #.......     100%        3
 Stone Arrow              Conj/Erth      #.....       100%        3
 Hailstorm                Conj/Ice       #.......     100%        4
 Petrify                  Tmut/Erth      #.......     100%        4
 Summon Ice Beast         Ice/Summ       #.......     100%        4
 Lee's Rapid Deconstruct  Erth           #.........   100%        5


Dungeon Overview and Level Annotations

Branches:
Dungeon (11/15)           Ossuary (visited)
 Temple: D:4-7         Lair: D:8-11         Orc: D:9-12

Altars:
Cheibriados
Dithmenos
Elyvilon
Hepliaklqana
Kikubaaqudgha
Makhleb
Nemelex Xobeh
Qazlal
Sif Muna
Trog
Xom

Shops:
D:6 =

Annotations:
D:5 2 transporters, felt's ghost, novice OpCj


Innate Abilities, Weirdness & Mutations

You have a pair of small horns on your head.
A weak demonic guardian rushes to your aid.


Message History

The killer bee stings you.
* * * LOW HITPOINT WARNING * * *
You are more poisoned.
The killer bee poisons you!
Your iron imp hits the centaur skeleton!
The centaur skeleton hits you but does no damage.
* * * LOW HITPOINT WARNING * * *
You feel sick.
The killer bee stings you but does no damage.
You hit the killer bee.
The killer bee is moderately wounded.
* * * LOW HITPOINT WARNING * * *
You feel sick.
The killer bee stings you but does no damage.
The centaur skeleton closely misses you.
You riposte.
You hit the centaur skeleton. You headbutt the centaur skeleton!
The centaur skeleton is almost destroyed.
The killer bee stings you but does no damage.
It was a potion of haste.
You feel yourself speed up.
You die...

#. #. #. ###'##########
##### #...........)####
#....
'.#...$......÷.'÷.###....
#.'.$.5Z○......##...'....
#...)y@......######....
#....P○....### #....
#....P.P..)PP# #..††
#.P.P...÷....# ####'
#....P....[[...# #.
#.....####....P# #.
....". #......# #######
...... #......###......
#....P..........


You could see a killer bee, a centaur skeleton and a friendly iron imp
(summoned).

Vanquished Creatures
  A two-headed ogre (D:10)
  An orc warrior (D:11)
  2 ogres
  A centaur (D:5)
  2 bullfrogs
  4 scorpions
  2 killer bees (D:11)
  2 howler monkeys
  A bullfrog zombie (D:6)
  6 hounds
  4 jellies
  A bullfrog skeleton (D:4)
  Jessica (D:3)
  2 iguanas
  3 orc wizards
  7 worker ants
  A hound skeleton (D:5)
  13 mummies (Ossuary)
  7 gnolls
  9 adders
  2 shadow imps (D:5)
  2 oozes (D:2)
  An adder skeleton (D:5)
  2 dart slugs
  6 leopard geckos
  20 orcs
  A ball python (D:2)
  9 bats
  3 giant cockroaches
  11 goblins
  8 hobgoblins
  9 jackals
  16 kobolds
  2 quokkas
  4 frilled lizards
  2 gnoll skeletons (Ossuary)
  2 goblin skeletons (Ossuary)
  A jackal zombie (D:6)
  2 kobold skeletons (Ossuary)
  2 orc skeletons (Ossuary)
  4 rats
  10 rat skeletons (Ossuary)
189 creatures vanquished.

Vanquished Creatures (collateral kills)
  A two-headed ogre (D:11)
  A water moccasin (D:10)
  2 ogres
  A gnoll sergeant (D:6)
  A centaur zombie (D:11)
  An iguana (D:11)
  A worker ant (D:4)
  4 gnolls
  An adder (D:2)
  An adder zombie (D:10)
  2 orcs (D:11)
  A kobold (D:2)
17 creatures vanquished.

Vanquished Creatures (others)
  An orc wizard (D:10)
  A rat skeleton (Ossuary)
  12 fungi (D:11)
  21 plants (D:11)
35 creatures vanquished.

Grand Total: 241 creatures vanquished

Notes
Turn   | Place    | Note
-------+----------+-------------------------------------------
     0 | D:1      | robertstho the Demonspawn Gladiator began the quest for the
                  | Orb.
     0 | D:1      | Reached XP level 1. HP: 16/16 MP: 1/1
   271 | D:1      | Gained mutation: A weak demonic guardian rushes to your
                  | aid. [demonic ancestry]
   271 | D:1      | Reached XP level 2. HP: 22/22 MP: 2/2
   359 | D:1      | Reached skill level 3 in Long Blades
   722 | D:2      | Reached XP level 3. HP: 22/27 MP: 3/3
  1030 | D:2      | Reached skill level 1 in Armour
  1180 | D:2      | Reached XP level 4. HP: 19/34 MP: 4/4
  1567 | D:2      | Found a white marble altar of Elyvilon.
  1569 | D:2      | Found an ancient bone altar of Kikubaaqudgha.
  1571 | D:2      | Found a bloodstained altar of Trog.
  1828 | D:2      | Found a shadowy altar of Dithmenos.
  1864 | D:2      | Found a hazy altar of Hepliaklqana.
  2220 | D:3      | Noticed Jessica
  2226 | D:3      | Killed Jessica
  2238 | D:3      | Reached skill level 4 in Long Blades
  2375 | D:3      | Found a burning altar of Makhleb.
  2439 | D:3      | Reached XP level 5. HP: 39/39 MP: 5/5
  3319 | D:4      | Noticed an ogre
  3405 | D:4      | Found a sparkling altar of Nemelex Xobeh.
  3410 | D:4      | Found a stormy altar of Qazlal.
  3427 | D:4      | Became a worshipper of Qazlal Stormbringer
  3558 | D:4      | Found a sand-covered staircase.
  3567 | Ossuary  | Entered an ossuary
  4016 | Ossuary  | HP: 2/40 [mummy (8)]
  4017 | Ossuary  | Reached skill level 1 in Invocations
  4960 | Ossuary  | Gained mutation: You have a pair of small horns on your
                  | head. [demonic ancestry]
  4960 | Ossuary  | Reached XP level 6. HP: 45/46 MP: 7/7
  5392 | Ossuary  | Reached * piety under Qazlal
  5784 | Ossuary  | Reached skill level 5 in Long Blades
  6368 | D:4      | Reached XP level 7. HP: 20/52 MP: 9/9
  7114 | D:5      | Entered Level 5 of the Dungeon
  8029 | D:5      | Reached skill level 6 in Long Blades
  8111 | D:5      | Found a transporter.
  8114 | D:5      | Noticed felt's ghost (novice OpCj)
  8119 | D:5      | Found a transporter.
  8237 | D:5      | Reached ** piety under Qazlal
  8241 | D:5      | Reached XP level 8. HP: 50/58 MP: 11/11
  8250 | D:5      | Reached skill level 5 in Invocations
  8969 | D:6      | Found Ixked's Jewellery Emporium.
  9081 | D:6      | Found a snail-covered altar of Cheibriados.
  9458 | D:6      | Found a shimmering altar of Xom.
  9777 | D:7      | You fall into a shaft and drop 3 floors!
  9777 | D:10     | Entered Level 10 of the Dungeon
 10205 | D:10     | Noticed a two-headed ogre
 10247 | D:10     | Killed a two-headed ogre
 10247 | D:10     | Reached skill level 7 in Long Blades
 10247 | D:10     | Reached XP level 9. HP: 13/65 MP: 13/13
 10794 | D:10     | Found a shimmering blue altar of Sif Muna.
 10921 | D:11     | Reached skill level 5 in Armour
 10938 | D:11     | Upgraded the game from 0.26-a0-810-ge1a9524b62 to
                  | 0.26-a0-812-g31a745ddcd
 11243 | D:11     | Noticed a two-headed ogre
 11250 | D:11     | Killed a two-headed ogre
 11250 | D:11     | Reached skill level 5 in Fighting
 11250 | D:11     | Reached skill level 8 in Long Blades
 11252 | D:11     | HP: 3/68 [killer bee (6)]
 11253 | D:11     | HP: 1/68 [poisoned by a killer bee]
 11255 | D:11     | Succumbed to a killer bee's poison

Illustrated notes

Levels and vault maps discovered:
D:1:      minmay_arrival_shoal_huts, layout_basic
D:2:      layout_loops_cross, old_standard_altar, marbit_many_paths, minitemple
D:3:      layout_basic, lightli_temple_of_fire, mrwooster_statue_mirror,
          st_stairs_3, uniq_jessica
D:4:      minmay_wonky_spiral, layout_rooms, lemuel_crystal_altar,
          nemelex_xobeh_ov_fountains_minmay, nicolae_ossuary_entry_monument,
          minmay_misc_feat_more_columns, minmay_misc_feat_tiny
D:5:      layout_loops_corners, gammafunk_ghost_smash, serial_park_tiny_1,
          minmay_joined_circles
D:6:      layout_basic, basic_altar, serial_shops, shop, serial_bayou_pond_a,
          dk_xom_monty_hall
D:7:      layout_basic, minmay_temple_entry_stoned_glass, minmay_crystal_room
D:10:     layout_irregular_city, led_sif_book
D:11:     layout_roguey, grunt_lair_entry_orc_guard_hut, orc_0_dummy,
          minmay_misc_feat_rugged, grunt_qazlal_clouds, uniq_erica, uniq_maurice

Skill      XL: |  1  2  3  4  5  6  7  8  9 |
---------------+----------------------------+-----
Dodging        | 3 4 |  4.5
Long Blades    | 3 4 5 6 7 8 |  8.3
Armour         | 1 2 3 4 5 |  5.8
Invocations    | 1 3 4 6 7 |  7.4
Fighting       | 3 4 5 |  5.0
Throwing       | |  1.9
Stealth        | |  0.2
Evocations     | |  0.6

Action                   |  1- 3 |  4- 6 |  7- 9 || total
-------------------------+-------+-------+-------++-------
Melee: Long sword        |    96 |   293 |   315 ||   704
       Headbutt          |       |    15 |    90 ||   105
Invok: Upheaval          |       |       |     4 ||     4
Evoke: Wand              |       |       |     5 ||     5
  Use: Potion            |     1 |       |     5 ||     6
       Scroll            |       |     7 |       ||     7
 Stab: Paralysed         |       |       |     3 ||     3
Armor: Scale mail        |    65 |   105 |   117 ||   287
       Plate armour      |       |       |     6 ||     6
Dodge: Dodged            |    69 |   152 |   189 ||   410
Block: Other             |       |     1 |    28 ||    29
       Rpst.: Long sword |    26 |    45 |    57 ||   128

Table legend: (Time is in decaauts)
 A = Elapsed time spent in this place.
 B = Non-inter-level travel time spent in this place.
 C = Inter-level travel time spent in this place.
 D = Time resting spent in this place.
 E = Time spent auto-exploring this place.
 F = Levels seen in this place.
 G = Mean time per level.
                   A        B        C        D        E       F      G
               +--------+--------+--------+--------+--------+-----+--------+
         Total |  11376 |  11130 |    246 |   1836 |   7502 |  10 | 1137.6 |
       Dungeon |   9051 |   8805 |    246 |    411 |   6976 |   9 | 1005.7 |
       Ossuary |   2325 |   2325 |      0 |   1425 |    526 |   1 | 2325.0 |
               +--------+--------+--------+--------+--------+-----+--------+

Top non-repeatable levels by time:
 Ossuary: 2325 daAuts
     D:5: 1683 daAuts
     D:4: 1632 daAuts
     D:2: 1518 daAuts
     D:3: 1175 daAuts
    D:10: 1087 daAuts
     D:6: 820 daAuts
     D:1: 738 daAuts
    D:11: 394 daAuts
     D:7: 0 daAuts
